 Dungeon Sprint DCSS version 0.27-a0-103-g6cd7b45605 (webtiles) character file.

Game seed: 2053911612574956493

107 mhtbhm the Digger (level 4, -4/24 HPs)
             Began as a Deep Elf Earth Elementalist on Jan 23, 2021.
             Was an Initiate of Vehumet.
             Slain by a yak (12 damage)
             ... in the Dungeon (Sprint IX: "|||||||||||||||||||||||||||||").
             The game lasted 00:03:22 (642 turns).

mhtbhm the Digger (Deep Elf Earth Elementalist)      Turns: 642, Time: 00:03:23

Health: -4/24      AC:  3    Str:  8    XL:     4   Next: 57%
Magic:  16/21      EV: 15    Int: 27    God:    Vehumet [......]
Gold:   0          SH:  0    Dex: 18    Spells: 12/18 levels left

rFire    . . .     SeeInvis .   a - +6 Majin-Bo {vamp, MP+6 Int+6}
rCold    . . .     Faith    .   (shield currently unavailable)
rNeg     . . .     Spirit   .   c - +0 robe
rPois    .         Reflect  .   (no helmet)
rElec    .         Harm     .   (no cloak)
rCorr    .         Rampage  .   (no gloves)
Will     .....     NoTele   +   n - +0 pair of boots
Stlth    +++.......             (no amulet)
HPRegen  0.08/turn              o - +3 ring of dexterity
MPRegen  0.17/turn              p - +3 ring of strength

@: no status effects
A: no striking features
a: Renounce Religion


You were in the Dungeon.
You worshipped Vehumet.
Vehumet was noncommittal.
You visited 1 branch

Inventory:

Hand Weapons
 a - the +6 Majin-Bo (weapon) {vamp, MP+6 Int+6}
   (You found it in the Dungeon)

   It inflicts no extra harm, but heals its wielder when it wounds a living foe.
   It affects your intelligence (+6).
   It affects your magic capacity (+6).
Missiles
 b - 12 stones
Armour
 c - a +0 robe (worn)
 n - a +0 pair of boots (worn)
Jewellery
 o - a +3 ring of dexterity (left hand)
 p - a +3 ring of strength (right hand)
Wands
 l - a wand of acid (10)
Scrolls
 i - 2 scrolls of blinking
 j - 3 scrolls of remove curse
 k - 2 scrolls of amnesia
Potions
 d - 5 potions of curing
 e - 3 potions of heal wounds
 f - a potion of haste
 g - 4 potions of magic
 h - a potion of berserk rage
 m - a potion of invisibility


   Skills:
 + Level 4.6 Dodging
 + Level 3.5 Stealth
 + Level 7.5 Spellcasting
 + Level 1.2 Transmutations
 + Level 7.6 Earth Magic


You had 12 spell levels left.
You knew the following spells:

 Your Spells              Type           Power        Failure   Level
a - Sandblast             Erth           100%         1%          1
b - Passwall              Tmut/Erth      28%          1%          2
c - Stone Arrow           Conj/Erth      60%          3%          3

Your spell library contained the following spells:

 Spells                   Type           Power        Failure   Level
 Lee's Rapid Deconstruct  Erth           25%          7%          5
 Petrify                  Tmut/Erth      34%          9%          4


Dungeon Overview and Level Annotations

Branches:
Dungeon (1/1)

Altars:
Cheibriados
Dithmenos
Elyvilon
Fedhas
Gozag
Hepliaklqana
Kikubaaqudgha
Makhleb
Nemelex Xobeh
Okawaru
Qazlal
Ru
Sif Muna
Trog
Uskayaw
Vehumet
Wu Jian
Xom
Yredelemnul
Zin
The Shining One
Beogh
Jiyva
Lugonu


Message History

Aim: a yak (10% to evade)
The blast of sand hits the yak!
You feel better.
The yak is moderately wounded.
Unknown command.
You sock the yak!
The yak is heavily wounded.
The yak completely misses you.
You hit the yak.
The yak is severely wounded.
The yak snorts and paws the ground.
The yak completely misses you. The yak gores you.
You thump the yak!
You feel better.
The yak is almost dead.
The yak gores you!
Ouch! That really hurt!
You barely miss the yak.
The yak is almost dead.
The yak gores you!
Ouch! That really hurt!
You die...

▓'▓
▓.▓
▓.▓
▓)▓
▓.▓
▓.▓
▓[▓
▓[▓
▓@▓
▓Y▓
▓s▓
▓B▓
▓Y▓
▓.▓
▓.▓
▓.▓
▓.▓


You could see 2 yaks, a scorpion and a worker ant.

Vanquished Creatures
  A bullfrog (D)
  A worker ant (D)
  An adder (D)
  An adder zombie (D)
  2 orcs (D)
  A bat (D)
  A giant cockroach (D)
  A hobgoblin (D)
  3 rats (D)
12 creatures vanquished.

Notes
Turn   | Place    | Note
-------+----------+-------------------------------------------
     0 | D        | mhtbhm the Deep Elf Earth Elementalist began the quest for
                  | the Orb.
     0 | D        | Reached XP level 1. HP: 10/10 MP: 6/6
   179 | D        | Noticed a worker ant
   181 | D        | Killed a worker ant
   182 | D        | Reached skill level 5 in Spellcasting
   182 | D        | Reached skill level 5 in Earth Magic
   182 | D        | Reached XP level 2. HP: 15/15 MP: 5/10
   183 | D        | Reached XP level 3. HP: 19/19 MP: 4/11
   551 | D        | Found a roughly hewn altar of Beogh.
   551 | D        | Found a snail-covered altar of Cheibriados.
   551 | D        | Found a shadowy altar of Dithmenos.
   551 | D        | Found a white marble altar of Elyvilon.
   551 | D        | Found a blossoming altar of Fedhas.
   551 | D        | Found an opulent altar of Gozag.
   552 | D        | Found a hazy altar of Hepliaklqana.
   553 | D        | Found a viscous altar of Jiyva.
   554 | D        | Found an ancient bone altar of Kikubaaqudgha.
   555 | D        | Found a corrupted altar of Lugonu.
   556 | D        | Found a burning altar of Makhleb.
   557 | D        | Found a sparkling altar of Nemelex Xobeh.
   558 | D        | Found an iron altar of Okawaru.
   559 | D        | Found a stormy altar of Qazlal.
   560 | D        | Found a sacrificial altar of Ru.
   561 | D        | Found a shimmering blue altar of Sif Muna.
   562 | D        | Found a bloodstained altar of Trog.
   563 | D        | Found a hide-covered altar of Uskayaw.
   564 | D        | Found a radiant altar of Vehumet.
   565 | D        | Found an ornate altar of the Wu Jian Council.
   566 | D        | Found a shimmering altar of Xom.
   567 | D        | Found a basalt altar of Yredelemnul.
   568 | D        | Found a glowing silver altar of Zin.
   569 | D        | Found a glowing golden altar of the Shining One.
   572 | D        | Became a worshipper of Vehumet
   580 | D        | Learned a level 2 spell: Passwall
   584 | D        | Learned a level 3 spell: Stone Arrow
   586 | D        | Found the +6 Majin-Bo {vamp, MP+6 Int+6}
   634 | D        | Noticed a bullfrog
   634 | D        | Noticed a yak
   634 | D        | Noticed a scorpion
   634 | D        | Noticed a yak
   636 | D        | Killed a bullfrog
   637 | D        | Reached XP level 4. HP: 22/24 MP: 15/15
   642 | D        | Slain by a yak

Illustrated notes

Levels and vault maps discovered:
D:        linesprint [early_d, line_temple, items_1, d_10, items_2, lair_1,
          lair_end, items_3, orc_1, orc_end, items_4, d_15, swamp_1, shoals_1,
          snake_1, spider_1, d_20, vaults_1, items_5, swamp_end, shoals_end,
          snake_end, spider_end, vaults_end, d_27, items_6, zot_1, zot_end,
          crypt_end, forest_end, elf_end, slime_end, tomb_end, abyss_end,
          pan_hell_end]

Skill      XL: |  1  2  3 |
---------------+----------+-----
Dodging        | 3 4 |  4.6
Earth Magic    | 5 7 |  7.6
Spellcasting   | 5 7 |  7.5
Stealth        | 3 |  3.5
Transmutations | |  1.2

Action                   |  1- 3 |  4- 6 || total
-------------------------+-------+-------++-------
Melee: Quarterstaff      |       |     4 ||     4
 Cast: Sandblast         |    16 |     2 ||    18
Armor: Robe              |     1 |       ||     1
Dodge: Dodged            |     3 |     2 ||     5

Table legend: (Time is in decaauts)
 A = Elapsed time spent in this place.
 B = Non-inter-level travel time spent in this place.
 C = Inter-level travel time spent in this place.
 D = Time resting spent in this place.
 E = Time spent auto-exploring this place.
 F = Levels seen in this place.
 G = Mean time per level.
                   A        B        C        D        E       F      G
               +--------+--------+--------+--------+--------+-----+--------+
         Total |    641 |    641 |      0 |    524 |      3 |   1 |  641.0 |
       Dungeon |    641 |    641 |      0 |    524 |      3 |   1 |  641.0 |
               +--------+--------+--------+--------+--------+-----+--------+

Top non-repeatable levels by time:
       D: 641 daAuts
